 Dungeon Crawl Stone Soup version 0.31-a0-1612-g4aaf141004 (webtiles) character file.

Game seed: 1105986776145789057

1684 DVX the Carver (level 9, -3/47 (50) HPs)
             Began as a Tengu Fighter on Jan 9, 2024.
             Slain by a wight
             ... wielding a +3 scimitar
              (14 damage)
             ... on level 6 of the Dungeon.
             The game lasted 00:08:27 (6264 turns).

DVX the Carver (Tengu Fighter)                      Turns: 6264, Time: 00:08:28

HP:   -3/47 (50)    AC:  6    Str: 20    XL:     9   Next: 2%
MP:   10/10         EV: 15    Int:  9    God:
Gold: 167           SH:  5    Dex: 14    Spells: 8/8 levels left

rFire   . . .        s - +7 long sword of Desperation {venom, rElec rPois}
rCold   + . .        c - +0 buckler
rNeg    . . .        G - +0 steam dragon scales
rPois   +            (helmet restricted)
rElec   +            (no cloak)
rCorr   .            i - +0 pair of gloves
SInv    .            (boots unavailable)
Will    .....        (no amulet)
Stlth   +            D - ring of protection from cold
HPRegen 0.27/turn    (no ring)
MPRegen 0.12/turn

%: acrobat
@: mighty, flying, drained
A: beak, talons 3, evasive flight, acrobatic
a: no special abilities


You were on level 6 of the Dungeon.
You visited 1 branch of the dungeon, and saw 6 of its levels.
You also visited: Ossuary.

You collected 217 gold pieces.
You spent 50 gold pieces at shops.

Inventory:

Hand Weapons
 a - a +0 rapier
 s - the +7 long sword of Desperation (weapon) {venom, rElec rPois}
   (You found it on level 4 of the Dungeon)

   rElec:     It insulates you from electricity.
   rPois:     It protects you from poison
Missiles
 g - 7 curare-tipped darts (quivered)
 u - 5 poisoned darts
Armour
 c - a +0 buckler (worn)
 i - a +0 pair of gloves (worn)
 G - +0 steam dragon scales (worn)
Jewellery
 D - a ring of protection from cold (left hand)
Wands
 l - a wand of iceblast (12)
 E - a wand of paralysis (13)
Scrolls
 e - 3 scrolls of enchant weapon
 j - 3 scrolls of revelation
 m - 6 scrolls of teleportation
 n - 3 scrolls of immolation {unknown}
 o - 4 scrolls of noise {unknown}
 p - a scroll of vulnerability {unknown}
 q - a scroll of poison {unknown}
 r - 2 scrolls of enchant armour
 y - a scroll of fear {unknown}
 C - 2 scrolls of butterflies {unknown}
 F - 3 scrolls of amnesia {unknown}
Potions
 b - a potion of cancellation
 d - a potion of enlightenment {unknown}
 h - 2 potions of brilliance
 k - a potion of ambrosia
 t - a potion of curing {unknown}
 w - a potion of magic {unknown}
 x - a potion of attraction {unknown}
 z - a potion of mutation {unknown}
 A - a potion of haste {unknown}
 B - a potion of heal wounds {unknown}


   Skills:
 - Level 3.0 Fighting
 - Level 7.7(9.9) Short Blades
 + Level 9.6(10.8) Long Blades
 - Level 3.2 Armour
 - Level 3.0 Shields


You had 8 spell levels left.
You didn't know any spells.
Your spell library was empty.

Dungeon Overview and Level Annotations

Branches:
Dungeon (6/15)            Ossuary (visited)
 Temple: D:4-7

Altars:
Cheibriados
Gozag
Hepliaklqana
Qazlal
Sif Muna
Vehumet
Xom

Shops:
D:3 ?([   D:6 [

Annotations:
D:4 2 runed translucent doors, Aquila's ghost, novice SpEn


Innate Abilities, Weirdness & Mutations

You have a beak for a mouth.
You have claws for feet.
Your magical flight helps you evade attacks. (EV +4)
You can magically evade attacks while moving or waiting.


Message History

The wight is lightly damaged.
The wight hits you with a +3 scimitar!
A wight comes into view. It is wielding a +1 scimitar.
You barely miss the wight. You claw the wight, but do no damage.
You peck the wight, but do no damage.
The wight is lightly damaged.
The wight completely misses you.
You hit the wight but do no damage. You claw the wight, but do no damage.
Your peck misses the wight.
The wight is lightly damaged.
The wight hits you with a +3 scimitar!
You feel drained.
You hit the wight. Your kick misses the wight.
You peck the wight, but do no damage.
The wight is lightly damaged.
You barely miss the wight. Your kick misses the wight.
The wight is lightly damaged.
The wight barely misses you.
You closely miss the wight. You claw the wight, but do no damage.
The wight is lightly damaged.
The wight hits you with a +3 scimitar.
You barely miss the wight. You peck the wight.
The wight is heavily damaged.
The wight hits you with a +3 scimitar!
You feel drained.
You hit the wight. You claw the wight, but do no damage.
You peck the wight, but do no damage.
The wight is heavily damaged.
You completely miss the wight. Your kick misses the wight.
You peck the wight, but do no damage. You block the wight's attack.
The wight attacks as it pursues you! You block the wight's attack.
The wight attacks as it pursues you! You block the wight's attack.
The wight attacks as it pursues you! The wight misses you.
The wight attacks as it pursues you! You block the wight's attack.
The wight attacks as it pursues you! The wight hits you with a +1 scimitar.
The wight attacks as it pursues you!
The wight hits you from afar with a +0 spear.
* * * LOW HITPOINT WARNING * * *
The wight attacks as it pursues you! The wight completely misses you.
You feel very mighty all of a sudden. The wight hits you with a +3 scimitar!
You die...

####........
#...........
##.††#...)...
#............ ..
#............ ...
#..#......#.#....
#..#...######....
##...†.)## ##.....
.........@.##.......
.........zz#........
...........z......#.
..................#
...........#.....###
....................
.#......)....##....
.......##...# ....
............. #..


You could see 3 wights.

Vanquished Creatures
  A steam dragon (D:6)
  Menkaure (Ossuary)
  A black bear (D:6)
  2 ogres (D:4)
  2 ice beasts
  2 bullfrogs (D:6)
  4 scorpions
  2 jellies (D:2)
  2 hounds (D:5)
  3 orc priests (D:4)
  Ijyb (D:5)
  An iguana (D:6)
  3 orc wizards (D:4)
  3 mummies (Ossuary)
  Robin (D:4)
  A gnoll (D:1)
  6 adders
  A shadow imp (D:6)
  2 ufetubi (D:5)
  A ribbon worm (D:1)
  3 dart slugs
  21 orcs
  13 endoplasms
  4 gnoll zombies (Ossuary)
  18 goblins
  6 hobgoblins
  2 quokkas
  5 ball pythons
  8 bats
  3 frilled lizards
  6 gnoll skeletons (Ossuary)
  4 goblin skeletons (Ossuary)
  3 goblin zombies (Ossuary)
  3 hobgoblin skeletons (Ossuary)
  5 hobgoblin zombies (Ossuary)
  13 kobolds
  7 kobold skeletons (Ossuary)
  5 kobold zombies (Ossuary)
  An orc skeleton (Ossuary)
  4 orc zombies (Ossuary)
  5 rats
  4 rat skeletons (Ossuary)
  4 rat zombies (Ossuary)
187 creatures vanquished.

Notes
Turn   | Place    | Note
-------+----------+-------------------------------------------
     0 | D:1      | DVX the Tengu Fighter began the quest for the Orb.
     0 | D:1      | Reached XP level 1. HP: 14/14 MP: 2/2
   105 | D:1      | Reached XP level 2. HP: 16/19 MP: 3/3
  1046 | D:1      | Reached XP level 3. HP: 16/23 MP: 4/4
  1471 | D:2      | Reached skill level 5 in Short Blades
  1471 | D:2      | Reached XP level 4. HP: 24/28 MP: 5/5
  1497 | D:2      | Reached XP level 5. HP: 14/32 MP: 6/6
  1585 | D:2      | Found a hazy altar of Hepliaklqana.
  1885 | D:2      | Found an opulent altar of Gozag.
  1885 | D:2      | Found a shimmering altar of Xom.
  1885 | D:2      | Found a shimmering blue altar of Sif Muna.
  1885 | D:2      | Found a snail-covered altar of Cheibriados.
  1885 | D:2      | Found a radiant altar of Vehumet.
  1885 | D:2      | Found a stormy altar of Qazlal.
  2222 | D:3      | Found Uxtol's Weapon Boutique.
  2339 | D:3      | Found Imiownal's Armour Boutique.
  2757 | D:3      | Found Reroecy's Magic Scroll Boutique.
  2764 | D:3      | Bought a scroll of identify for 20 gold pieces
  2764 | D:3      | Bought a scroll of teleportation for 30 gold pieces
  3123 | D:4      | Found a large runed translucent door.
  3189 | D:4      | Noticed an ogre
  3204 | D:3      | Reached XP level 6. HP: 13/37 MP: 7/7
  3667 | D:4      | Found a large runed translucent door.
  3676 | D:4      | Noticed Aquila's ghost (novice SpEn)
  3748 | D:4      | Identified the +7 long sword of Desperation {venom, rElec
                  | rPois}
  3769 | D:4      | Reached skill level 1 in Long Blades
  3840 | D:4      | Reached skill level 2 in Long Blades
  3840 | D:4      | Gained mutation: Your magical flight helps you evade
                  | attacks. (EV +4) [Tengu growth]
  3840 | D:4      | Reached XP level 7. HP: 24/41 MP: 8/8
  3862 | D:4      | Reached skill level 3 in Long Blades
  4017 | D:4      | Reached skill level 4 in Long Blades
  4184 | D:4      | Noticed Robin
  4224 | D:4      | Killed Robin
  4311 | D:5      | Entered Level 5 of the Dungeon
  4341 | D:5      | Reached skill level 5 in Long Blades
  4373 | D:5      | Found a sand-covered staircase.
  4379 | Ossuary  | Entered an ossuary
  4815 | Ossuary  | Noticed Menkaure
  5082 | Ossuary  | Killed Menkaure
  5083 | Ossuary  | Reached skill level 6 in Long Blades
  5083 | Ossuary  | Reached XP level 8. HP: 14/46 MP: 9/9
  5752 | D:5      | Noticed Ijyb
  5757 | D:5      | Killed Ijyb
  5789 | D:5      | Reached skill level 7 in Long Blades
  6025 | D:6      | Found Comeceh's Antique Armour Shoppe.
  6066 | D:6      | Reached skill level 8 in Long Blades
  6130 | D:6      | Reached skill level 9 in Long Blades
  6190 | D:6      | Reached XP level 9. HP: 37/50 MP: 10/10
  6264 | D:6      | Slain by a wight

Illustrated notes

Levels and vault maps discovered:
D:1:      saegor_arrival_simple_e, layout_basic, palyth_stone_intersect
D:2:      cheibrodos_fertilizer, layout_basic, basic_altar
D:3:      layout_basic, serial_shops, nicolae_shop_tiny_statue_garden, shop,
          shop
D:4:      layout_cave_pools, serial_glass, glass_columns_b, glass_columns_b,
          feat_on_display, due_unseen_surprise, ebering_ghost_disaster_area,
          uniq_robin
D:5:      layout_loops_ring, nicolae_ossuary_entry_plus,
          chequers_serial_rivers_micro_e, uniq_ijyb
D:6:      layout_cave_pools, nicolae_overflow_hallway_of_the_gods,
          nicolae_ru_path_of_blood, serial_shops, nicolae_shop_tiny_glass,
          nicolae_stop_n_shop_1, shop, nicolae_shop_gaudy_bauble, shop

Skill      XL: |  1  2  3  4  5  6  7  8 |
---------------+-------------------------+-----
Short Blades   | 3 5 6 7 |  7.7
Long Blades    | 2 6 9 |  9.6
Fighting       | |  3.0
Armour         | |  3.2
Shields        | |  3.0

Action                     |  1- 3 |  4- 6 |  7- 9 || total
---------------------------+-------+-------+-------++-------
  Melee: Rapier            |    80 |   157 |       ||   237
         Kick              |    24 |    43 |    46 ||   113
         Peck              |     8 |    22 |    35 ||    65
         Long sword        |       |    11 |   177 ||   188
  Throw: Dart              |       |     4 |       ||     4
    Use: Scroll            |       |     3 |     3 ||     6
         Potion            |       |       |     4 ||     4
 Armour: Scale mail        |     6 |       |       ||     6
         Ring mail         |    20 |    92 |    66 ||   178
         Steam dragon scal |       |       |    18 ||    18
  Dodge: Dodged            |    42 |   123 |   135 ||   300
  Block: Buckler           |    15 |    34 |    51 ||   100

Table legend: (Time is in decaauts)
 A = Elapsed time spent in this place.
 B = Non-inter-level travel time spent in this place.
 C = Inter-level travel time spent in this place.
 D = Time resting spent in this place.
 E = Time spent auto-exploring this place.
 F = Levels seen in this place.
 G = Mean time per level.
                   A        B        C        D        E       F      G
               +--------+--------+--------+--------+--------+-----+--------+
         Total |   6268 |   5952 |    316 |    990 |   3431 |   7 |  895.4 |
       Dungeon |   5172 |   4856 |    316 |    618 |   3250 |   6 |  862.0 |
       Ossuary |   1095 |   1095 |      0 |    372 |    181 |   1 | 1095.0 |
               +--------+--------+--------+--------+--------+-----+--------+

Top non-repeatable levels by time:
     D:3: 1304 daAuts
     D:1: 1256 daAuts
 Ossuary: 1095 daAuts
     D:4: 886 daAuts
     D:2: 865 daAuts
     D:5: 645 daAuts
     D:6: 215 daAuts
